 Dungeon Crawl Stone Soup version 0.21-a0-200-gb89f83b (console) character file.

119 Duffy the Sneak (level 4, -1/21 HPs)
             Began as a Spriggan Enchanter on Aug 16, 2017.
             Slain by an orc
             ... wielding a +0 hand axe
              (5 damage)
             ... on level 4 of the Dungeon.
             The game lasted 00:02:54 (3031 turns).

Duffy the Sneak (Spriggan Enchanter)                Turns: 3031, Time: 00:02:55

Health: -1/21      AC:  2    Str:  4    XL:     4   Next: 73%
Magic:  10/11      EV: 18    Int: 16    God:
Gold:   99         SH:  0    Dex: 17    Spells: 2/11 levels left

rFire    . . .     SeeInvis +   a - +1 dagger
rCold    . . .     Gourm    .   (shield restricted)
rNeg     + . .     Faith    .   b - +0 robe
rPois    .         Spirit   .   (helmet restricted)
rElec    .         Reflect  .   (no cloak)
rCorr    .         Harm     .   (gloves unavailable)
MR       .....                  (boots unavailable)
Stlth    +++.......             (no amulet)
HPRegen  0.07/turn              h - ring of positive energy
MPRegen  0.12/turn              (no ring)

@: very quick
A: unfitting armour, see invisible, herbivore 3, speed 3, slow metabolism 2
a: no special abilities


You were on level 4 of the Dungeon.
You were hungry.

You visited 1 branch of the dungeon, and saw 4 of its levels.

You collected 99 gold pieces.

Inventory:

Hand Weapons
 a - a +1 dagger (weapon)
Missiles
 q - a throwing net (quivered)
Armour
 b - a +0 robe (worn)
Jewellery
 h - a ring of positive energy (left hand)
Scrolls
 e - 2 scrolls of identify {unknown}
 g - a scroll of random uselessness {unknown}
 j - 2 scrolls of teleportation {unknown}
 k - 2 scrolls of remove curse {unknown}
 l - 2 scrolls of enchant weapon {unknown}
 n - 2 scrolls of enchant armour {unknown}
 o - a scroll of blinking {unknown}
Potions
 f - a potion of haste {unknown}
 i - a potion of mutation {unknown}
 m - 2 potions of agility {unknown}
 p - a potion of heal wounds {unknown}
Books
 c - a book of Maledictions

   Spells                             Type                      Level
   a - Corona                         Hexes                        1
   b - Ensorcelled Hibernation        Hexes/Ice                    2
   c - Confuse                        Hexes                        3
   d - Tukima's Dance                 Hexes                        3
   e - Dazzling Spray                 Conjuration/Hexes            3
Comestibles
 d - 5 bread rations


   Skills:
 + Level 2.5 Short Blades
 - Level 3.0 Dodging
 + Level 5.6 Stealth
 + Level 4.0 Spellcasting
 + Level 4.4 Hexes


You had 2 spell levels left.
You knew the following spells:

 Your Spells              Type           Power        Failure   Level  Hunger
a - Ensorcelled Hibernat  Hex/Ice        ##....       10%         2    ##.....
c - Confuse               Hex            ###.....     9%          3    ###....
h - Tukima's Dance        Hex            ###.....     9%          3    ###....
r - Corona                Hex            ###....      2%          1    None


Dungeon Overview and Level Annotations

Branches:
Dungeon (4/15)
 Temple: D:4-7

Altars:
Ashenzari


Innate Abilities, Weirdness & Mutations

You are very small and have problems with some larger weapons.
You are too small for most types of armour.
You have supernaturally acute eyesight. (SInv)
You are a herbivore.
You cover ground extremely quickly.
You need consume almost no food.


Message History

You are feeling hungry.
There is an escape hatch in the floor here.
Really go through this one-way escape hatch?
You slide downwards.
The hatch slams shut behind you. 3 orcs, 2 orc priests and an orc wizard come into view.
Found 19 gold pieces.
Unknown command.
Unknown command.
The helpless orc priest fails to defend itself.
You impale the orc priest!!
You kill the orc priest!
Your Spellcasting skill increases to level 4!
The orc shouts!
The orc priest shouts!
You hear a shout!
The orc shouts!
The orc wizard shouts!
An orc comes into view.
The orc priest barely misses you. The orc misses you.
The orc completely misses you.
You see here a whip.
The orc hits you with a hand axe.
You die...

####.......
.........
#.......#
#.#...#.#
#.......#
#.......#
#....o..#
#.#o@o#.#
#...o)o.#
##...o.##
##$}$##
##### ....
....#
.......
#####.


You could see an orc priest, an orc wizard and 4 orcs.

Vanquished Creatures
  An orc priest (D:4)
  2 adders
  3 oozes
  2 dart slugs
  A leopard gecko (D:1)
  3 orcs (D:3)
  4 bats
  A giant cockroach (D:1)
  8 goblins
  6 hobgoblins
  4 jackals (D:3)
  A quokka (D:2)
  2 ball pythons
  3 frilled lizards (D:1)
  2 kobolds
  9 rats
52 creatures vanquished.

Notes
Turn   | Place    | Note
-------+----------+-------------------------------------------
     0 | D:1      | Duffy the Spriggan Enchanter began the quest for the Orb.
     0 | D:1      | Reached XP level 1. HP: 9/9 MP: 5/5
   143 | D:1      | Reached XP level 2. HP: 8/13 MP: 7/7
   711 | D:2      | Learned a level 2 spell: Ensorcelled Hibernation
   766 | D:2      | Reached skill level 5 in Stealth
   844 | D:1      | Reached XP level 3. HP: 16/16 MP: 8/8
   849 | D:1      | Learned a level 3 spell: Confuse
  1520 | D:2      | Found a shattered altar of Ashenzari.
  2518 | D:3      | Reached XP level 4. HP: 21/21 MP: 10/10
  2523 | D:3      | Learned a level 3 spell: Tukima's Dance
  3031 | D:4      | Slain by an orc

Vault maps used:
D:1:      noname_arrival_rooms_in_the_neighbourhood
D:2:      nicolae_ashenzari_panopticon
D:4:      cheibrodos_pilgrimage, minmay_temple_entry_nine_rooms,
          minmay_shop_grid_forest, uniq_ijyb, uniq_robin, uniq_sigmund,
          uniq_purgy

Skill      XL: |  1  2  3  4 |
---------------+-------------+-----
Spellcasting   | 3 4 |  4.0
Stealth        | 5 |  5.6
Hexes          | 4 |  4.4
Short Blades   | 2 |  2.5
Dodging        | |  3.0

Action                   |  1- 3 |  4- 6 || total
-------------------------+-------+-------++-------
Melee: Dagger            |   200 |    53 ||   253
 Cast: Ensorcelled Hiber |       |     2 ||     2
 Stab: Sleeping          |    15 |     5 ||    20
       Distracted        |     1 |       ||     1
Armor: Robe              |    20 |     2 ||    22
Dodge: Dodged            |   159 |    41 ||   200
